[Event "Team 45 45 League T66"]
[Site "Internet Chess Club"]
[Date "2015.10.10"]
[Round "6"]
[White "mongmong"]
[Black "nidusin2"]
[Result "1/2-1/2"]
[WhiteElo "1619"]
[BlackElo "1588"]
[Opening "Queen's pawn: Yusupov-Rubinstein system"]
[ECO "A46"]
[Time "19:04:45"]
[TimeControl "2700+45"]

1. d4 Nf6 2. Nf3 e6 3. e3 b6 4. Bd3 Bb7 5. Nbd2 d5 6. O-O Bd6 7. Qe2 Ne4 8. Re1
O-O 9. Nf1 Nd7 10. N3d2 c5 11. c3 Qc7 12. f3 Nef6 13. e4 cxd4 14. cxd4 e5 15.
dxe5 Nxe5 16. Ba6 Rfe8 17. Bxb7 Qxb7 18. f4 Bc5+ 19. Kh1 Neg4 20. h3 Nf2+ 21.
Kh2 N2xe4 22. Nxe4 Nxe4 23. Qf3 Re6 24. Nd2 Ng5 25. Qf1 Rxe1 26. Qxe1 Qc7 27.
Nb3 Bd6 28. Qf1 Re8 29. Bd2 Qc4 30. Kg1 Ne4 31. Re1 Qxf1+ 32. Rxf1 Nxd2 33. Nxd2
f5 34. Kf2 Bxf4 35. Nf3 g6 36. Rd1 d4 37. Nxd4 Rd8 38. Ke2 Be5 39. Nc6 Rxd1 40.
Kxd1 Bxb2 41. Nxa7 Kf7 42. Ke2 Ke6 43. Kd3 Kd5 44. Nc8 b5 45. Ne7+ Ke6 46. Nc6
g5 47. Na7 b4 48. Nc6 Bc3 49. Kc4 h5 50. Nxb4 Be5 51. Nd3 Bd6 52. Kd4 Ba3 53.
Ke3 Kd5 54. Ne1 Bc1+ 55. Kd3 g4 56. Nc2 f4 57. Nd4 Bb2 58. Nf5 Ba1 59. hxg4 hxg4
60. Ke2 Ke4 61. Nd6+ Ke5 62. Nc4+ Kd4 63. Nd2 Bc3 64. Nb1 Ba5 65. a4 Ke4 66. Na3
Bb4 67. Nb5 f3+ 68. gxf3+ gxf3+ 69. Kf1 Ke3 70. Nc7 Bd2 71. Nd5+ Ke4 72. Nf6+
Ke3 {Game drawn by mutual agreement} 1/2-1/2

[Event "Team 45 45 League T66"]
[Site "Internet Chess Club"]
[Date "2015.10.10"]
[Round "6"]
[White "Ajolote"]
[Black "mkoga"]
[Result "1-0"]
[WhiteElo "1655"]
[BlackElo "1422"]
[Opening "Caro-Kann: classical variation"]
[ECO "B18"]
[Time "13:00:31"]
[TimeControl "2700+45"]

1. e4 c6 2. d4 d5 3. Nc3 dxe4 4. Nxe4 Bf5 5. Ng3 Bg6 6. Bd3 Bxd3 7. Qxd3 e6 8.
Nf3 Nd7 9. O-O Ngf6 10. Bd2 Bd6 11. Ne2 Qc7 12. c3 O-O-O 13. Ng3 h5 14. Ne4 Nxe4
15. Qxe4 Nf6 16. Qh4 Ng4 17. g3 Be7 18. Qh3 g5 19. Nxg5 Bxg5 20. Bxg5 f6 21. Bf4
Qe7 22. f3 Nh6 23. Bxh6 Rxh6 24. Rae1 f5 25. Qxf5 Rd5 26. Qe4 c5 27. Qxd5 cxd4
28. Qxd4 Kb8 29. Qf4+ {Black resigns} 1-0

[Event "Team 45 45 League T66"]
[Site "Internet Chess Club"]
[Date "2015.10.12"]
[Round "6"]
[White "GideonL"]
[Black "fireball"]
[Result "1-0"]
[WhiteElo "1507"]
[BlackElo "1612"]
[Opening "French: exchange variation"]
[ECO "C01"]
[Time "10:00:40"]
[TimeControl "2700+45"]

1. e4 e6 2. d4 d5 3. exd5 exd5 4. Nf3 c5 5. Bb5+ Nc6 6. O-O Nf6 7. Re1+ Be7 8.
dxc5 O-O 9. Bg5 Bxc5 10. Bxf6 Qxf6 11. Nc3 Rd8 12. Nxd5 Qxb2 13. Rb1 Qxa2 14.
Bxc6 bxc6 15. Ne7+ Bxe7 16. Qxd8+ Bf8 17. Rbd1 Qxc2 18. Qxf8+ Kxf8 19. Rd8#
{Black checkmated} 1-0

[Event "Team 45 45 League T66"]
[Site "Internet Chess Club"]
[Date "2015.10.10"]
[Round "6"]
[White "justice02"]
[Black "RD1974"]
[Result "0-1"]
[WhiteElo "1603"]
[BlackElo "1681"]
[Opening "Réti opening"]
[ECO "A09"]
[Time "19:31:53"]
[TimeControl "2700+45"]

1. Nf3 d5 2. c4 Bf5 3. Qb3 e6 4. Qxb7 Nd7 5. Qc6 Ne7 6. Qa4 c6 7. Nd4 Qb6 8.
Nxf5 Nxf5 9. e3 Nc5 10. Qc2 Bd6 11. d4 Ne4 12. c5 Nxc5 13. dxc5 Bxc5 14. Be2 O-O
15. O-O Bd6 16. Bd3 g6 17. Bxf5 gxf5 18. b3 Qc7 19. g3 c5 20. Bb2 f6 21. Nc3 a6
22. Na4 Rac8 23. Ba3 h5 24. h4 Rf7 25. Qe2 Rg7 26. Qxa6 Bxg3 27. Qxe6+ Kh8 28.
Qxf5 Bxh4+ 29. Kh1 Rcg8 30. Rg1 Rg5 31. Rxg5 Rxg5 32. Qf3 Qg7 33. Bxc5 Kh7 34.
Bd4 Qg6 35. Rc1 Rf5 36. Qg2 Rg5 37. Qh2 Qe4+ {White resigns} 0-1

[Event "Team 45 45 League T66"]
[Site "Internet Chess Club"]
[Date "2015.10.10"]
[Round "6"]
[White "bayoumicardio10"]
[Black "zepled37"]
[Result "0-1"]
[WhiteElo "1606"]
[BlackElo "1694"]
[Opening "Sicilian: Grand Prix attack"]
[ECO "B23"]
[Time "17:08:00"]
[TimeControl "2700+45"]

1. e4 c5 2. Nc3 Nc6 3. f4 g6 4. Nf3 Bg7 5. Bb5 Nd4 6. O-O Nxb5 7. Nxb5 d6 8. d3
a6 9. Nc3 e6 10. d4 cxd4 11. Nxd4 Qb6 12. e5 dxe5 13. fxe5 Bxe5 14. Be3 Qd6 15.
Ne4 Qc7 16. c3 Ne7 17. Ng5 Nf5 18. Nxf5 exf5 19. Re1 O-O 20. Nf3 Bg7 21. Qc1 Re8
22. Bf2 Rxe1+ 23. Qxe1 Be6 24. Nd4 Bd5 25. b3 Qe5 26. Qxe5 Bxe5 27. Rd1 Be4 28.
Ne2 Rc8 29. c4 Kf8 30. Be3 Ke8 31. Bb6 g5 32. Nd4 Bc7 33. Bxc7 Rxc7 34. Re1 Kf8
35. g4 Rd7 36. Nxf5 Bxf5 37. gxf5 Kg7 38. Re5 Kf6 39. Ra5 Re7 40. Rc5 g4 41. Kf2
Re5 42. Rc7 b5 43. c5 Rxf5+ 44. Kg3 h5 45. Rc6+ Ke7 46. b4 Rf3+ 47. Kg2 Ra3 48.
Rc7+ Kf8 49. c6 Rxa2+ 50. Kg3 Rc2 51. Kh4 Rxh2+ 52. Kg3 Rc2 53. Kh4 Rc4 54. Rc8+
Kg7 55. Kxh5 g3 56. c7 g2 57. Rd8 g1=Q 58. c8=Q Qg6# {White checkmated} 0-1

[Event "Team 45 45 League T66"]
[Site "Internet Chess Club"]
[Date "2015.10.11"]
[Round "6"]
[White "Grenadier"]
[Black "OGO"]
[Result "1-0"]
[WhiteElo "1586"]
[BlackElo "1521"]
[Opening "Sicilian: closed"]
[ECO "B23"]
[Time "21:30:21"]
[TimeControl "2700+45"]

1. e4 c5 2. Nc3 d6 3. g3 Nf6 4. Bg2 Nc6 5. d3 e6 6. f4 h6 7. Nf3 Be7 8. Be3 b6
9. e5 dxe5 10. Nxe5 Nxe5 11. Bxa8 Neg4 12. Qe2 e5 13. Bc6+ Bd7 14. Bxd7+ Qxd7
15. fxe5 Nxe5 16. O-O-O O-O 17. Bxh6 gxh6 18. Qxe5 Ng4 19. Qe2 Bg5+ 20. Kb1 Re8
21. Qf3 Re3 22. Qg2 Qe6 23. h3 Nf6 24. h4 {Black resigns} 1-0

[Event "Team 45 45 League T66"]
[Site "Internet Chess Club"]
[Date "2015.10.10"]
[Round "6"]
[White "flacoligth"]
[Black "WCourson"]
[Result "1-0"]
[WhiteElo "1983"]
[BlackElo "1926"]
[Opening "Dutch with c4 & Nc3"]
[ECO "A85"]
[Time "14:21:53"]
[TimeControl "2700+45"]

1. d4 f5 2. c4 Nf6 3. Nc3 e6 4. Nf3 Bb4 5. Qb3 Bxc3+ 6. Qxc3 d6 7. e3 a5 8. Bd3
O-O 9. O-O Qe8 10. b3 b6 11. Qc2 Bb7 12. Nd2 Nh5 13. Bb2 Nc6 14. a3 Ne7 15. f3
Kh8 16. Nb1 g5 17. d5+ e5 18. f4 gxf4 19. exf4 Ng7 20. fxe5 dxe5 21. Bxe5 Qd7
22. Nc3 Rae8 23. Nb5 Rc8 24. Nd4 Rg8 25. Ne6 Ng6 26. Nxg7 Rxg7 27. Bxf5 {Black
resigns} 1-0

[Event "Team 45 45 League T66"]
[Site "Internet Chess Club"]
[Date "2015.10.18"]
[Round "6"]
[White "santiagoelawad"]
[Black "Agarnez"]
[Result "1/2-1/2"]
[WhiteElo "2062"]
[BlackElo "2018"]
[Opening "QGD: Orthodox defense"]
[ECO "D60"]
[Time "14:17:38"]
[TimeControl "2700+45"]

1. c4 Nf6 2. Nc3 e6 3. d4 d5 4. Bg5 Nbd7 5. e3 Be7 6. Nf3 O-O 7. cxd5 Nxd5 8.
Bxe7 Qxe7 9. Nxd5 exd5 10. Bd3 Nf6 11. h3 Ne4 12. O-O Bf5 13. Rc1 c6 14. a3 Nd6
15. Bxf5 Nxf5 16. Qd3 Nd6 17. Ne5 f6 {Game drawn by mutual agreement} 1/2-1/2

[Event "Team 45 45 League T66"]
[Site "Internet Chess Club"]
[Date "2015.10.08"]
[Round "6"]
[White "willhelm"]
[Black "Freitac"]
[Result "1/2-1/2"]
[WhiteElo "1884"]
[BlackElo "1877"]
[Opening "Grünfeld: Botvinnik variation"]
[ECO "D95"]
[Time "19:00:59"]
[TimeControl "2700+45"]

1. d4 Nf6 2. Nf3 g6 3. c4 Bg7 4. Nc3 d5 5. e3 O-O 6. Qb3 e6 7. Bd2 b6 8. cxd5
exd5 9. Be2 Bb7 10. O-O Nbd7 11. Rfd1 c5 12. dxc5 Nxc5 13. Qa3 Nfe4 14. Be1 Re8
15. b4 Ne6 16. Rac1 Nf6 17. Bb5 Re7 18. Ba6 Bxa6 19. Qxa6 Rd7 20. Nb5 Nc7 21.
Nxc7 Rxc7 22. Rxc7 Qxc7 23. Qd3 Rc8 {Game drawn by mutual agreement} 1/2-1/2

[Event "Team 45 45 League T66"]
[Site "Internet Chess Club"]
[Date "2015.10.11"]
[Round "6"]
[White "primerpaso"]
[Black "roji"]
[Result "1-0"]
[WhiteElo "1929"]
[BlackElo "1841"]
[Opening "English opening"]
[ECO "A10"]
[Time "18:13:32"]
[TimeControl "2700+45"]

1. c4 g6 2. Nc3 e5 3. g3 Bg7 4. Bg2 Nf6 5. e3 O-O 6. Nge2 Nh5 7. d4 f5 8. dxe5
Kh8 9. f4 Qe7 10. O-O c6 11. h3 Bh6 12. g4 fxg4 13. hxg4 Ng7 14. g5 Ne6 15. gxh6
Qh4 16. Nd4 Nc5 17. b4 Nca6 18. b5 Nc5 19. Ba3 b6 20. Na4 d6 21. exd6 Bh3 22.
Nf3 Qxh6 23. Nxc5 Bxg2 24. Kxg2 {Black resigns} 1-0

[Event "Team 45 45 League T66"]
[Site "Internet Chess Club"]
[Date "2015.10.11"]
[Round "6"]
[White "Jack-ONeill"]
[Black "chessfan"]
[Result "0-1"]
[WhiteElo "2001"]
[BlackElo "2098"]
[Opening "Trompowsky attack (Ruth, Opocenský opening)"]
[ECO "A45"]
[Time "14:01:24"]
[TimeControl "2700+45"]

1. d4 Nf6 2. Bg5 d5 3. Bxf6 exf6 4. e3 Bd6 5. g3 h5 6. h4 Bg4 7. Be2 Qd7 8. Nd2
Nc6 9. c3 O-O-O 10. Qc2 Kb8 11. O-O-O g6 12. Bxg4 hxg4 13. Ne2 f5 14. Kb1 Ne7
15. c4 c6 16. c5 Bc7 17. Nb3 Ng8 18. Nbc1 Nf6 19. Nc3 Ne4 20. Nxe4 fxe4 21. Ne2
Rh5 22. a3 Rdh8 23. Qc1 Qf5 24. Rdf1 Qf3 25. Nf4 Bxf4 {White resigns} 0-1

[Event "Team 45 45 League T66"]
[Site "Internet Chess Club"]
[Date "2015.10.10"]
[Round "6"]
[White "dp15"]
[Black "Ptzz"]
[Result "0-1"]
[WhiteElo "1968"]
[BlackElo "1984"]
[Opening "Caro-Kann: Gurgenidze system"]
[ECO "B15"]
[Time "13:00:27"]
[TimeControl "2700+45"]

1. e4 c6 2. d4 d5 3. Nc3 g6 4. Bf4 Bg7 5. Nf3 Bg4 6. exd5 cxd5 7. h3 Bxf3 8.
Qxf3 Nf6 9. Bxb8 Rxb8 10. Bb5+ Kf8 11. g4 a6 12. Ba4 e6 13. O-O-O Qd6 14. h4 b5
15. Bb3 a5 16. a4 bxa4 17. Nxa4 Ne4 18. h5 Bh6+ 19. Kb1 Qf4 20. Qxf4 Bxf4 21.
hxg6 fxg6 22. f3 Nf2 23. Nc5 Kf7 24. Nd3 Nxd1 25. Rxd1 Bd6 26. f4 h5 27. f5 gxf5
28. gxf5 exf5 29. Bxd5+ Kf6 30. c4 h4 31. c5 Bg3 32. Bh1 Rhe8 33. Kc2 Re2+ 34.
Rd2 Rbe8 35. d5 R8e4 36. c6 Ke7 37. Bxe4 Rxd2+ 38. Kxd2 fxe4 39. Nc5 h3 40. Nxe4
Be5 41. b3 h2 42. Nf2 Kd6 43. c7 Kxc7 44. Kd3 Bg3 45. Nh1 Bh4 46. Ke4 Kd6 47.
Kd4 Be1 48. Ke4 Kc5 49. d6 Kxd6 50. Kd4 Kc6 51. Kc4 Kb6 52. Kd3 Kb5 53. Ke2 Bh4
54. Kd3 Kb4 55. Kc2 Ka3 56. Kc3 Be1+ 57. Kc2 Ka2 58. Kd1 Kxb3 59. Kxe1 a4 60.
Kd1 a3 {White resigns} 0-1

[Event "Team 45 45 League T66"]
[Site "Internet Chess Club"]
[Date "2015.10.10"]
[Round "6"]
[White "Holgate"]
[Black "hood"]
[Result "0-1"]
[WhiteElo "2021"]
[BlackElo "2072"]
[Opening "Ruy Lopez: 5.O-O"]
[ECO "C78"]
[Time "12:15:10"]
[TimeControl "2700+45"]

1. e4 e5 2. Nf3 Nc6 3. Bb5 a6 4. Ba4 Nf6 5. O-O b5 6. Bb3 Bc5 7. a4 Rb8 8. c3 d6
9. d4 Bb6 10. Na3 Bg4 11. axb5 axb5 12. Nxb5 O-O 13. Bc2 Bxf3 14. gxf3 Qd7 15.
Kh1 d5 16. f4 exd4 17. e5 Ne4 18. Nxd4 Bxd4 19. cxd4 Qh3 20. Ra3 Qh4 21. Kg2 Rb4
22. Rh3 Qe7 23. f3 Rxd4 24. Qe2 Nf6 25. Be3 Re8 26. Bxd4 Nxd4 27. Qd3 Qc5 28.
Rf2 Ne6 29. Kg3 Nxf4 30. Kxf4 Qxf2 31. exf6 Re4+ 32. Kf5 g6+ 33. Kg5 Qg1+ {White
resigns} 0-1

[Event "Team 45 45 League T66"]
[Site "Internet Chess Club"]
[Date "2015.10.10"]
[Round "6"]
[White "joebobpop"]
[Black "Tobiasdelmonte"]
[Result "1-0"]
[WhiteElo "1913"]
[BlackElo "1805"]
[Opening "Petrov: Nimzovich attack"]
[ECO "C42"]
[Time "15:08:15"]
[TimeControl "2700+45"]

1. e4 e5 2. Nf3 Nf6 3. Nxe5 d6 4. Nf3 Nxe4 5. Nc3 Nxc3 6. dxc3 Be7 7. Bd3 Be6 8.
Be3 O-O 9. Nd4 Nc6 10. Nxe6 fxe6 11. Qh5 h6 12. Bxh6 Ne5 13. Be3 Nxd3+ 14. cxd3
Rf5 15. Qg4 Bf6 16. O-O Qd7 17. Rae1 Kf7 18. Re2 Rh8 19. Qc4 Rh4 20. Qb3 Rfh5
21. h3 Rb5 22. Qc2 e5 23. a4 Ra5 24. Qb3+ d5 25. Qxb7 d4 26. Qb3+ Kg6 27. Bd2
dxc3 28. Bxc3 Raxa4 29. Bxe5 Rab4 30. Qc3 Qe6 31. Rfe1 Qf5 32. Bxf6 gxf6 33.
Qxc7 Qxd3 34. Re3 Qd2 35. Qg3+ Kh6 36. Re8 Qg5 37. Qc7 Qg7 38. R1e7 Qg6 39. Rh8+
Kg5 40. Rg7 Rxh8 41. Qg3+ {Black resigns} 1-0

[Event "Team 45 45 League T66"]
[Site "Internet Chess Club"]
[Date "2015.10.09"]
[Round "6"]
[White "sharky123"]
[Black "Heian"]
[Result "1-0"]
[WhiteElo "1825"]
[BlackElo "1679"]
[Opening "Three knights game"]
[ECO "C46"]
[Time "18:21:51"]
[TimeControl "2700+45"]

1. e4 e5 2. Nf3 Nc6 3. Nc3 Bb4 4. d4 exd4 5. Nxd4 Bc5 6. Be3 Nxd4 7. Bxd4 Bxd4
8. Qxd4 Qf6 9. Nb5 Qxd4 10. Nxd4 a6 11. Bc4 d6 12. f3 Ne7 13. c3 O-O 14. O-O Ng6
15. Rfe1 Ne5 16. Be2 Bd7 17. Red1 Nc6 18. Rac1 Rae8 19. Bc4 Kh8 20. Bd5 g6 21.
Nxc6 Bxc6 22. Bxc6 bxc6 23. Rd4 Re7 24. Ra4 f5 25. exf5 Rxf5 26. Rc2 a5 27. Kf2
Rd5 28. Re2 Rxe2+ 29. Kxe2 Rb5 30. b3 Kg7 31. Kd3 Rd5+ 32. Rd4 Rg5 33. g4 h5 34.
h4 Re5 35. Re4 Kf6 36. a4 c5 37. Rxe5 Kxe5 38. gxh5 gxh5 39. b4 cxb4 40. cxb4
axb4 41. a5 Kd5 42. a6 Kc6 43. f4 Kb6 44. f5 Kxa6 45. f6 Kb5 46. f7 c5 47. f8=Q
c4+ 48. Kc2 Kc5 49. Qf5+ d5 50. Qxh5 Kd4 51. Qg4+ Kc5 52. Qf5 c3 53. Qc8+ Kd4
54. Qb7 Kc4 55. Qc6+ Kd4 56. Qb5 Ke3 57. Qxd5 {Black resigns} 1-0

[Event "Team 45 45 League T66"]
[Site "Internet Chess Club"]
[Date "2015.10.13"]
[Round "6"]
[White "FrankNautilus"]
[Black "Holzschlange"]
[Result "1/2-1/2"]
[WhiteElo "1841"]
[BlackElo "1849"]
[Opening "QGD: Tarrasch, Réti variation"]
[ECO "D34"]
[Time "12:00:10"]
[TimeControl "2700+45"]

1. d4 d5 2. c4 e6 3. Nc3 c5 4. cxd5 exd5 5. g3 Nc6 6. Bg2 Nf6 7. Nf3 Be7 8. O-O
O-O 9. dxc5 Bxc5 10. Na4 Be7 11. Be3 Re8 12. Nd4 Nxd4 13. Bxd4 Bg4 14. Nc3 Qd7
15. Qb3 Rad8 16. e3 Bh3 17. Bxa7 Bxg2 18. Kxg2 h5 19. Bd4 Nh7 20. Qd1 Qf5 21.
Qf3 Qg6 22. Nxd5 Ng5 23. Nxe7+ Rxe7 24. Qf4 Re4 25. Qc7 Rde8 26. Qb6 Qf5 27. f4
Qh3+ 28. Kh1 h4 29. Qb3 Ne6 {Game drawn by mutual agreement} 1/2-1/2

[Event "Team 45 45 League T66"]
[Site "Internet Chess Club"]
[Date "2015.10.12"]
[Round "6"]
[White "tryanything"]
[Black "pcvan"]
[Result "1-0"]
[WhiteElo "1580"]
[BlackElo "1500"]
[Opening "Sicilian"]
[ECO "B50"]
[Time "19:00:21"]
[TimeControl "2700+45"]

1. e4 c5 2. Nf3 d6 3. Bd3 Nc6 4. c3 Bg4 5. h3 Bh5 6. Bc2 Nf6 7. d3 e6 8. Nbd2
Be7 9. Qe2 O-O 10. g4 Bg6 11. Nh4 d5 12. Nxg6 fxg6 13. f4 Qc7 14. Nf3 dxe4 15.
dxe4 e5 16. f5 gxf5 17. gxf5 Rfd8 18. Bd2 a5 19. O-O-O a4 20. Ng5 Qa5 21. Qc4+
Kh8 22. Nf7+ Kg8 23. Nh6+ Kh8 24. Qg8+ Rxg8 25. Nf7# {Black checkmated} 1-0

[Event "Team 45 45 League T66"]
[Site "Internet Chess Club"]
[Date "2015.10.10"]
[Round "6"]
[White "room-matt"]
[Black "chessnow"]
[Result "1-0"]
[WhiteElo "1857"]
[BlackElo "1835"]
[Opening "Bishop's opening: Berlin defense"]
[ECO "C24"]
[Time "11:05:48"]
[TimeControl "2700+45"]

1. e4 e5 2. Bc4 Nf6 3. d3 Bc5 4. Nc3 h6 5. f4 d6 6. f5 c6 7. Nf3 O-O 8. Qe2 d5
9. Bb3 Re8 10. Bd2 d4 11. Nd1 a5 12. a3 b5 13. Nf2 Na6 14. O-O a4 15. Ba2 b4 16.
axb4 Nxb4 17. Bb3 axb3 18. Rxa8 Nxc2 19. Rc1 Qc7 20. Ne1 Qb7 21. Ra4 Qb5 22. Ra5
Qb6 23. Nxc2 bxc2 24. Rxc2 Nd7 25. Qg4 Kf8 26. Qg3 Bb4 27. Bxb4+ Qxb4 28. Ra1
Nc5 29. Ng4 Nb3 30. Rf1 Qd6 31. f6 Bxg4 32. fxg7+ Kxg7 33. Qxg4+ Kf8 34. Qf5 Qe6
35. Qh7 Ke7 36. Rcf2 Rf8 37. Rf6 Qxf6 38. Rxf6 Kxf6 39. Qxh6+ Ke7 40. Qxc6
{Black resigns} 1-0

[Event "Team 45 45 League T66"]
[Site "Internet Chess Club"]
[Date "2015.10.10"]
[Round "6"]
[White "SAC2001"]
[Black "xt"]
[Result "1-0"]
[WhiteElo "1850"]
[BlackElo "1748"]
[Opening "Sicilian defense"]
[ECO "B32"]
[Time "18:05:14"]
[TimeControl "2700+45"]

1. e4 c5 2. Nf3 Nc6 3. d4 cxd4 4. Nxd4 d6 5. Nc3 a6 6. Be3 Nf6 7. f3 e6 8. Qd2
Be7 9. O-O-O O-O 10. g4 Ne5 11. h4 b5 12. g5 Nh5 13. f4 Nc4 14. Bxc4 bxc4 15.
Nc6 Qc7 16. Nxe7+ Qxe7 17. Qxd6 Qxd6 18. Rxd6 Bb7 19. Rb6 Rab8 20. Rd1 Ng3 21.
Bc5 Bxe4 22. Bxf8 Rxb6 23. Rd8 {Black resigns} 1-0

[Event "Team 45 45 League T66"]
[Site "Internet Chess Club"]
[Date "2015.10.11"]
[Round "6"]
[White "gyu123987kool"]
[Black "Duguesclin"]
[Result "1-0"]
[WhiteElo "1769"]
[BlackElo "1602"]
[Opening "Sicilian defense"]
[ECO "B76"]
[Time "12:03:23"]
[TimeControl "2700+45"]

1. e4 c5 2. Nf3 Nc6 3. d4 cxd4 4. Nxd4 Nf6 5. Nc3 g6 6. Be3 Bg7 7. f3 O-O 8. Qd2
d6 9. g4 a6 10. h4 Ne5 11. h5 Nxf3+ 12. Nxf3 Bxg4 13. Nd4 Bxh5 14. Be2 Ng4 15.
O-O-O b5 16. Rdg1 Nxe3 17. Qxe3 b4 18. Bxh5 bxc3 19. bxc3 e5 20. Nb3 gxh5 21.
Qh6 {Black resigns} 1-0

[Event "Team 45 45 League T66"]
[Site "Internet Chess Club"]
[Date "2015.10.11"]
[Round "6"]
[White "RD1974"]
[Black "kutch"]
[Result "1-0"]
[WhiteElo "1692"]
[BlackElo "1561"]
[Opening "Bishop's opening: Berlin defense"]
[ECO "C24"]
[Time "19:00:25"]
[TimeControl "2700+45"]

1. e4 e5 2. Bc4 Nf6 3. d3 Bc5 4. Nc3 d6 5. h3 h6 6. Nf3 Nc6 7. a3 a6 8. O-O b5
9. Ba2 O-O 10. Nd5 Be6 11. c3 Bxd5 12. exd5 Ne7 13. c4 Nf5 14. Bb1 Qd7 15. b4
Bd4 16. Nxd4 Nxd4 17. Bb2 Rfe8 18. Bxd4 exd4 19. Ba2 Re5 20. Qd2 Qf5 21. Rac1
Rae8 22. Bb1 Re2 23. Qd1 Qg6 24. c5 Nh5 25. Kh2 Nf4 26. Rg1 Rxf2 27. Qg4 Qxg4
28. hxg4 Ree2 29. Kg3 Nxg2 30. cxd6 cxd6 31. Rc8+ Kh7 32. Rc6 Ne3 33. Rxd6 Rg2+
34. Rxg2 Rxg2+ 35. Kf3 Rg1 36. Ba2 Rxg4 37. Rd7 h5 38. d6 Nf5 39. Bxf7 Rg3+ 40.
Kf4 g6 41. Be6+ Ng7 42. Kxg3 Kh6 43. Bg8 Nf5+ 44. Kf4 Ng7 45. Ra7 g5+ 46. Ke4 g4
47. d7 {Black resigns} 1-0

[Event "Team 45 45 League T66"]
[Site "Internet Chess Club"]
[Date "2015.10.10"]
[Round "6"]
[White "chesskix"]
[Black "medsurg"]
[Result "1-0"]
[WhiteElo "1487"]
[BlackElo "1429"]
[Opening "Bishop's opening: Philidor counter-attack"]
[ECO "C23"]
[Time "20:00:57"]
[TimeControl "2700+45"]

1. e4 e5 2. Bc4 c6 3. Nf3 d5 4. exd5 cxd5 5. Bb5+ Bd7 6. Bxd7+ Nxd7 7. O-O Bd6
8. d3 Ngf6 9. Bg5 O-O 10. Nc3 Qb6 11. Na4 Qc7 12. g3 h6 13. Bd2 Rfe8 14. Nc3 Qc6
15. Nh4 e4 16. Nf5 Ne5 17. Nd4 Qd7 18. dxe4 dxe4 19. Kg2 Rad8 20. Be3 a6 21.
Nce2 Nc4 22. Rb1 Ng4 23. Qc1 Be5 24. c3 Bxd4 25. Nxd4 Qd5 26. h3 Ngxe3+ 27. fxe3
Qg5 28. Rf4 Re5 29. b3 Nd6 30. Qe1 Qe7 31. Qe2 Rc8 32. c4 Rec5 33. Rbf1 Nxc4 34.
bxc4 Rxc4 35. Rxf7 {Black resigns} 1-0

[Event "Team 45 45 League T66"]
[Site "Internet Chess Club"]
[Date "2015.10.08"]
[Round "6"]
[White "Aquaman"]
[Black "kingsrook"]
[Result "1/2-1/2"]
[WhiteElo "1303"]
[BlackElo "1353"]
[Opening "Réti: King's Indian attack, French variation"]
[ECO "A08"]
[Time "16:00:29"]
[TimeControl "2700+45"]

1. Nf3 d5 2. g3 c5 3. Bg2 e6 4. O-O Nc6 5. d3 Nf6 6. Nbd2 Be7 7. Re1 O-O 8. e4
Qc7 9. exd5 exd5 10. Nf1 Re8 11. Bf4 Bd6 12. Bxd6 Qxd6 13. Rxe8+ Nxe8 14. a3 Nf6
15. Ne3 Be6 16. Ng5 Bd7 17. Qd2 h6 18. Nf3 Re8 19. Re1 b5 20. Rd1 d4 21. Nf1 Bg4
22. h3 Bd7 23. Re1 Ne5 24. Nxe5 Rxe5 25. Qf4 Re6 26. Qxd6 Rxd6 27. h4 Kf8 28.
Re5 c4 29. dxc4 bxc4 30. Rc5 Be6 31. Nd2 d3 32. c3 g6 33. Kf1 Kg7 34. Ke1 Nd7
35. Rc6 Rxc6 36. Bxc6 Nb6 37. f3 h5 38. Kf2 f5 39. f4 Kf7 40. Ke3 Ke7 41. Bg2
Kd6 42. Nf3 Bd5 43. Kd2 Na4 44. Ne1 Bxg2 45. Nxg2 Nxb2 46. Ne3 Kc5 47. Kc1 Na4
48. Kd2 Nb6 49. Nf1 Nd5 50. Nh2 Kb5 51. Nf3 Ne7 52. Ne5 Kc5 53. a4 a6 54. Ke3
Nd5+ 55. Kd2 Ne7 56. Ke3 Nd5+ 57. Kd2 Ne7 58. Ke3 Nd5+ 59. Kd2 Ne7 60. Ke3 Nd5+
61. Kd2 {Game drawn by repetition} 1/2-1/2

[Event "Team 45 45 League T66"]
[Site "Internet Chess Club"]
[Date "2015.10.11"]
[Round "6"]
[White "Hal2001"]
[Black "Bizzy-Ketty"]
[Result "0-1"]
[WhiteElo "1621"]
[BlackElo "1593"]
[Opening "Sicilian: Grand Prix attack"]
[ECO "B23"]
[Time "13:01:04"]
[TimeControl "2700+45"]

1. e4 c5 2. Nc3 Nc6 3. f4 e6 4. Nf3 d5 5. Bb5 Nf6 6. Bxc6+ bxc6 7. e5 Nd7 8. O-O
Be7 9. d3 O-O 10. Qe2 Ba6 11. Rf2 Rb8 12. Rb1 Re8 13. Bd2 Nf8 14. Ng5 h6 15. Nf3
Qd7 16. Qd1 Rb7 17. g4 Reb8 18. b3 Qc7 19. g5 hxg5 20. fxg5 Ng6 21. Qe1 Rb4 22.
h3 Qd8 23. Rg2 Nf4 24. Rg3 Nh5 25. Rg2 Nf4 26. Bxf4 Rxf4 27. Qg3 Rf5 28. h4 Qa5
29. Na4 Bb5 30. g6 Bxa4 31. gxf7+ Rxf7 32. Rf1 Bb5 33. Ng5 Rxf1+ 34. Kxf1 Rf8+
35. Kg1 Bxg5 36. Qxg5 Qc7 37. c4 dxc4 38. dxc4 Ba6 39. h5 Kh8 40. Qg6 Qf7 41.
Qe4 Qf1+ 42. Kh2 Qf4+ 43. Qxf4 Rxf4 44. Re2 Rf5 {White resigns} 0-1

[Event "Team 45 45 League T66"]
[Site "Internet Chess Club"]
[Date "2015.10.11"]
[Round "6"]
[White "EFXBT"]
[Black "ChessMaine"]
[Result "1/2-1/2"]
[WhiteElo "1465"]
[BlackElo "1535"]
[Opening "QGD: Lasker defense, main line"]
[ECO "D57"]
[Time "19:06:34"]
[TimeControl "2700+45"]

1. d4 d5 2. c4 e6 3. Nc3 Nf6 4. Bg5 Be7 5. Nf3 O-O 6. e3 h6 7. Bh4 Ne4 8. Bxe7
Qxe7 9. cxd5 Nxc3 10. bxc3 exd5 11. Be2 Nd7 12. O-O Nf6 13. c4 dxc4 14. Bxc4 Bg4
15. h3 Bh5 16. Rb1 c6 17. a4 Ne4 18. Qb3 Bxf3 19. gxf3 Nd2 20. Qb4 Qxb4 21. Rxb4
Nxf1 22. Kxf1 Rab8 23. d5 cxd5 24. Bxd5 b6 25. e4 Rbc8 26. Kg2 Rc1 27. Rb2 Rfc8
28. Ra2 Re1 29. a5 bxa5 30. Rxa5 Rc7 31. Rb5 g6 32. Ra5 Kg7 33. Rb5 Rec1 34. Ra5
R1c5 35. Ra6 f5 36. Re6 fxe4 37. Bxe4 Rg5+ 38. Kh2 Rc1 39. Re7+ Kf6 40. Rxa7
Rgg1 41. Ra6+ Ke5 42. Rxg6 Rh1+ 43. Kg3 Rcg1+ 44. Kh4 {Game drawn by mutual
agreement} 1/2-1/2

[Event "Team 45 45 League T66"]
[Site "Internet Chess Club"]
[Date "2015.10.11"]
[Round "6"]
[White "karthikkallam"]
[Black "Conjurer"]
[Result "0-1"]
[WhiteElo "1400"]
[BlackElo "1267"]
[Opening "Sicilian defense"]
[ECO "B30"]
[Time "13:06:20"]
[TimeControl "2700+45"]

1. e4 c5 2. Nf3 Nc6 3. Bc4 e6 4. Nc3 Nf6 5. d3 Be7 6. O-O d5 7. exd5 Nxd5 8.
Nxd5 exd5 9. Bb5 O-O 10. Re1 a6 11. Bxc6 bxc6 12. Re2 Bg4 13. Qe1 Bd6 14. Re3
Qf6 15. h3 Bh5 16. g4 Bg6 17. Kg2 Ra7 18. Re8 Re7 19. Rxe7 Bxe7 20. Bg5 Qe6 21.
Qxe6 fxe6 22. Bxe7 Rb8 23. Rb1 c4 24. Ne5 cxd3 25. Nxd3 Be4+ 26. Kg3 Rc8 27. Kh2
Rc7 28. Bc5 Rd7 29. Kg3 Rf7 30. Rc1 Rf3+ 31. Kh4 h6 32. Ne1 g5+ 33. Kh5 Rxh3#
{White checkmated} 0-1

[Event "Team 45 45 League T66"]
[Site "Internet Chess Club"]
[Date "2015.10.11"]
[Round "6"]
[White "rubo"]
[Black "Husky99"]
[Result "1-0"]
[WhiteElo "1573"]
[BlackElo "1293"]
[Opening "Queen's pawn game"]
[ECO "D02"]
[Time "18:00:25"]
[TimeControl "2700+45"]

1. d4 d5 2. Nf3 e6 3. Bf4 Be7 4. e3 Nf6 5. Bd3 b6 6. Qe2 c5 7. c3 c4 8. Bc2 b5
9. Nbd2 Bb7 10. a3 Nc6 11. O-O a5 12. e4 O-O 13. h3 Nh5 14. Bh2 Bd6 15. Ne5 f6
16. Nxc6 Bxh2+ 17. Kxh2 Qc7+ 18. e5 Nf4 19. Qg4 Bxc6 20. Qxf4 fxe5 21. Qxe5 Qe7
22. Nf3 Rf6 23. Rfe1 Raf8 24. Re2 Rh6 25. Ng5 Be8 26. Kg1 Rff6 27. Qxd5 Bg6 28.
Rae1 Bxc2 29. Rxe6 Rxe6 30. Nxe6 Kh8 31. Qa8+ {Black resigns} 1-0